[Event "Titled Tuesday Blitz June 13 Late 2023"]
[White "Fedotov, Nikita"]
[Black "kiwibobo"]
[WhiteFideId "24161446"]
[WhiteElo "2211"]
[BlackElo "2307"]
[Result "1-0"]
[Round "5"]
[TimeControl "180+2"]
[Date "2023.06.13"]
[WhiteClock "0:01:39"]
[BlackClock "0:00:00"]
[Board "107"]

1. e4 e5 2. Nf3 Nc6 3. Nc3 Nf6 4. d4 exd4 5. Nxd4 Bb4 6. Nxc6 bxc6 7. Bd3 d5 8. Bd2 O-O 9. O-O Bxc3 10. Bxc3 dxe4 11. Bxf6 Qxf6 12. Bxe4 Qxb2 13. Bxc6 Rb8 14. Rb1 Qxb1 15. Qxb1 Rxb1 16. Rxb1 Rd8 17. Bf3 Kf8 18. Rb8 Re8 19. h4 Be6 20. Rb7 Rd8 21. Rxa7 Rd2 22. Be4 c6 23. a4 Bd5 24. Bd3 c5 25. Rd7 c4 26. Rxd5 cxd3 27. cxd3 Ra2 28. Rd4 Ra3 29. Kh2 h5 30. Kg3 g6 31. Kf4 Ra2 32. Ke3 Ra1 33. g3 Kg7 34. Rb4 Kf6 35. Kf4 Ra2 36. f3 Ra3 37. d4 Ke6 38. g4 Rd3 39. a5 Ra3 40. Rb6+ Kd5 41. gxh5 gxh5 42. Rb5+ Kxd4 43. Rxh5 f6 44. Rf5 Ra4 45. Kg3 Ke3 46. h5 1-0


[Site "https://www.chess.com"]

[Event "Titled Tuesday Blitz June 13 Late 2023"]
[White "Matsuura, Frederico"]
[Black "Peycheva, Gergana"]
[WhiteFideId "2107848"]
[BlackFideId "2916711"]
[WhiteElo "2302"]
[BlackElo "2216"]
[Result "1/2-1/2"]
[Round "5"]
[TimeControl "180+2"]
[Date "2023.06.13"]
[WhiteClock "0:00:08"]
[BlackClock "0:00:08"]
[Board "108"]

1. d4 Nf6 2. c4 e6 3. Nf3 d5 4. Nc3 Be7 5. Bg5 h6 6. Bxf6 Bxf6 7. Qc2 c5 8. dxc5 Qa5 9. cxd5 exd5 10. e3 Qxc5 11. Bb5+ Nc6 12. O-O O-O 13. Rac1 Bg4 14. Be2 Rac8 15. Nb5 Qxc2 16. Rxc2 Nb4 17. Rxc8 Rxc8 18. a3 Nc6 19. h3 Bh5 20. Nd6 Rc7 21. Ne8 Rd7 22. Nxf6+ gxf6 23. Rd1 Ne7 24. Kf1 Rc7 25. Nd4 Bg6 26. Ke1 a6 27. Kd2 Nc6 28. Rc1 a5 29. Bb5 Nxd4 30. Rxc7 Nxb5 31. Rxb7 Nd6 32. Rd7 Nc4+ 33. Kc3 Be4 34. f3 Bb1 35. e4 Ne3 36. Kd4 Nxg2 37. exd5 Kf8 38. d6 Ke8 39. Re7+ Kd8 40. Rxf7 f5 41. Kc5 Nf4 42. Kc6 Ne6 43. Rd7+ Kc8 44. Rh7 Nd4+ 45. Kd5 Nxf3 46. Rxh6 Be4+ 47. Kc5 Ne5 48. Kb5 Nd3 49. b3 Nb2 50. Kxa5 f4 51. Rf6 f3 52. h4 Nd3 53. b4 Ne5 54. h5 Ng4 55. Rf8+ Kd7 56. Rf4 f2 57. b5 Kxd6 58. b6 Ke5 59. Rxf2 Nxf2 60. h6 Kf6 61. Ka6 Kg6 62. b7 Bxb7+ 63. Kxb7 Kxh6 64. a4 Nd3 65. a5 Kg6 66. Kc6 Nb4+ 67. Kb5 Nd5 68. Kc5 Nc7 69. Kc6 Na6 70. Kb5 Nc7+ 71. Kb6 Nd5+ 72. Kc5 Nc7 73. Kd6 Na6 74. Kc6 Kf6 75. Kb6 Nb4 76. Kb5 Nd5 77. Kc5 Nc7 78. Kd6 Na6 79. Kd7 Ke5 80. Kc6 Kd4 81. Kb6 Nb4 82. Kb5 Kc3 83. Ka4 Kc4 84. a6 Nxa6 1/2-1/2


[Site "https://www.chess.com"]

[Event "Titled Tuesday Blitz June 13 Late 2023"]
[White "Musovic, Armin"]
[Black "Klinova, Masha"]
[WhiteFideId "939935"]
[BlackFideId "2802015"]
[WhiteElo "2322"]
[BlackElo "2241"]
[Result "1-0"]
[Round "5"]
[TimeControl "180+2"]
[Date "2023.06.13"]
[WhiteClock "0:02:08"]
[BlackClock "0:01:14"]
[Board "109"]

1. a3 g6 2. Nc3 Bg7 3. e4 Nf6 4. e5 Ng8 5. d4 d6 6. f4 c5 7. dxc5 dxe5 8. Qxd8+ Kxd8 9. Bd2 Nc6 10. O-O-O Bd7 11. Nf3 exf4 12. Bxf4 e5 13. Bg5+ f6 14. Bh4 Nge7 15. Bc4 g5 16. Be6 gxh4 17. Rxd7+ Ke8 18. Rxb7 Rd8 19. Ne4 Kf8 20. Rf1 f5 21. Bxf5 Nxf5 22. Nxh4 Bh6+ 23. Kb1 1-0


[Site "https://www.chess.com"]

[Event "Titled Tuesday Blitz June 13 Late 2023"]
[White "Badelka, Olga"]
[Black "campochess"]
[WhiteFideId "13509926"]
[WhiteElo "2375"]
[BlackElo "2229"]
[Result "1-0"]
[Round "5"]
[TimeControl "180+2"]
[Date "2023.06.13"]
[WhiteClock "0:00:01"]
[BlackClock "0:00:00"]
[Board "110"]

1. d4 Nf6 2. c4 c5 3. d5 b5 4. cxb5 a6 5. bxa6 g6 6. Nc3 Bxa6 7. e4 Bxf1 8. Kxf1 d6 9. Nf3 Bg7 10. Qc2 Nbd7 11. g3 O-O 12. Kg2 Qb6 13. Rb1 Rfb8 14. b3 Qb7 15. Bb2 Ng4 16. h3 Nge5 17. Nxe5 Bxe5 18. Rhd1 Rf8 19. Na4 f5 20. Bxe5 Nxe5 21. f4 Nd7 22. Qe2 Nf6 23. exf5 gxf5 24. Qe6+ Rf7 25. Qxf5 Kh8 26. Qe6 Raf8 27. Rb2 Ne8 28. Re2 Nc7 29. Qe4 Nb5 30. h4 Nd4 31. Rxd4 cxd4 32. Qxd4+ Kg8 33. Nc3 Rg7 34. Ne4 Rf5 35. Rd2 h6 36. Nc3 e5 37. Qd3 Rgf7 38. fxe5 Rxe5 39. Kh2 Ref5 40. Ne4 Qc7 41. Kg2 Qb8 42. Qe3 Qf8 43. Re2 Rf3 44. Qd2 R7f5 45. a4 Qg7 46. a5 Rxb3 47. Qc2 Rff3 48. Qc8+ 1-0


[Site "https://www.chess.com"]

[Event "Titled Tuesday Blitz June 13 Late 2023"]
[White "Aggelis, Nikolaos"]
[Black "Elaisaz"]
[WhiteFideId "4213220"]
[WhiteElo "2189"]
[BlackElo "2230"]
[Result "1-0"]
[Round "5"]
[TimeControl "180+2"]
[Date "2023.06.13"]
[WhiteClock "0:00:58"]
[BlackClock "0:00:17"]
[Board "111"]

1. c4 Nf6 2. g3 g6 3. b3 Bg7 4. Bb2 O-O 5. Bg2 c5 6. Nf3 Nc6 7. d4 cxd4 8. Nxd4 Nxd4 9. Qxd4 d6 10. Nc3 a6 11. Nd5 Be6 12. O-O Rb8 13. Qd2 Bxd5 14. Bxd5 Nxd5 15. Bxg7 Kxg7 16. Qxd5 b5 17. Rac1 b4 18. Rfd1 Rc8 19. c5 dxc5 20. Qe5+ f6 21. Rxd8 fxe5 22. Rd5 Rfd8 23. Rxe5 Kf6 24. Rexc5 Rxc5 25. Rxc5 Rd2 26. Rc6+ Kf7 27. Rxa6 Rxe2 28. Kg2 h5 29. Kf3 Rc2 30. h4 e6 31. Ra4 Kf6 32. Rxb4 Rxa2 33. Rb8 Rb2 34. b4 Kg7 35. b5 e5 36. b6 e4+ 37. Ke3 Kh7 38. Kxe4 Rxf2 39. Rc8 Rb2 40. Rc6 Kg7 41. Kd5 Rb3 42. Kd6 Rxg3 43. b7 Rb3 44. Kc7 g5 45. hxg5 h4 46. Rb6 Rc3+ 47. Kd6 1-0


[Site "https://www.chess.com"]

[Event "Titled Tuesday Blitz June 13 Late 2023"]
[White "Bernado Lopez, Roger"]
[Black "Girsh, Daniel"]
[WhiteFideId "24585009"]
[BlackFideId "30949190"]
[WhiteElo "2097"]
[BlackElo "2075"]
[Result "1-0"]
[Round "5"]
[TimeControl "180+2"]
[Date "2023.06.13"]
[WhiteClock "0:01:37"]
[BlackClock "0:01:56"]
[Board "112"]

1. e4 c5 2. Nf3 d6 3. d4 cxd4 4. Nxd4 Nf6 5. Nc3 a6 6. Bg5 e6 7. f4 Be7 8. Qf3 Qc7 9. O-O-O Nbd7 10. g4 h6 11. Bxf6 Bxf6 12. h4 g5 13. hxg5 hxg5 14. Rxh8+ Bxh8 15. Qh3 Bf6 16. Qh5 Qc5 17. Nxe6 Qe3+ 18. Kb1 Bxc3 19. Nc7+ Kd8 20. Nxa8 Qb6 21. Nxb6 Nxb6 22. bxc3 gxf4 23. Rxd6+ Kc7 24. Qc5+ Kb8 25. Rxb6 f3 26. Qe3 Bxg4 27. Bxa6 Ka7 28. Rxb7+ Kxa6 29. Qb6# 1-0


[Site "https://www.chess.com"]

[Event "Titled Tuesday Blitz June 13 Late 2023"]
[White "Osmonbekov, Talaibek"]
[Black "Haszon, David"]
[WhiteFideId "2017253"]
[BlackFideId "733610"]
[WhiteElo "2135"]
[BlackElo "2210"]
[Result "0-1"]
[Round "5"]
[TimeControl "180+2"]
[Date "2023.06.13"]
[WhiteClock "0:00:00"]
[BlackClock "0:00:11"]
[Board "113"]

1. d4 Nf6 2. Bf4 c5 3. d5 b5 4. g3 Bb7 5. Bg2 d6 6. e4 g6 7. Ne2 Bg7 8. O-O O-O 9. Nd2 a5 10. c4 b4 11. h3 a4 12. Rb1 a3 13. b3 Nbd7 14. Be3 e6 15. Kh2 Re8 16. Qc2 exd5 17. cxd5 Ba6 18. Nc4 Ne5 19. f4 Neg4+ 20. hxg4 Nxg4+ 21. Kh1 Bxc4 22. Bg1 Ba6 23. Bf3 Nf6 24. Rfe1 Qd7 25. Kg2 Rac8 26. Nc1 Nxd5 27. Nd3 Nc3 28. Rbc1 Nxa2 29. Nxc5 dxc5 30. Qxa2 c4 31. bxc4 Qa4 32. Bd1 Qc6 33. c5 Bb2 34. Bb3 Bxc1 35. Bxf7+ Kf8 36. Bxe8 Rxe8 37. Rxc1 Rxe4 0-1


[Site "https://www.chess.com"]

[Event "Titled Tuesday Blitz June 13 Late 2023"]
[White "Estrada Nieto, Julian"]
[Black "Dias, Joao Batista"]
[WhiteFideId "5101018"]
[BlackFideId "2108240"]
[WhiteElo "2161"]
[BlackElo "1907"]
[Result "1-0"]
[Round "5"]
[TimeControl "180+2"]
[Date "2023.06.13"]
[WhiteClock "0:00:06"]
[BlackClock "0:00:06"]
[Board "114"]

1. e4 g6 2. d4 Bg7 3. Nf3 c5 4. d5 d6 5. Bb5+ Bd7 6. a4 Nf6 7. Nc3 O-O 8. O-O a6 9. Be2 Bg4 10. Nd2 Bxe2 11. Qxe2 Nfd7 12. Nc4 Ne5 13. Nxe5 Bxe5 14. Bh6 Bg7 15. Bxg7 Kxg7 16. e5 f6 17. exd6 exd6 18. Rfe1 Nd7 19. Ne4 Re8 20. Qd2 Ne5 21. b3 Qd7 22. Qc3 Rf8 23. h3 Qc7 24. f4 Nd7 25. Ng5 Kg8 26. Ne6 Qb6 27. Nxf8 Rxf8 28. Re7 c4+ 29. Kh1 Nc5 30. bxc4 Rf7 31. Re8+ Kg7 32. a5 Qc7 33. Rae1 h6 34. Qb4 g5 35. fxg5 hxg5 36. Qb6 Qd7 37. Qd8 Kg6 38. Qxd7 Rxd7 39. g4 f5 40. R1e7 f4 41. Kg2 Rxe7 42. Rxe7 Kf6 43. Rc7 Ke5 44. Kf3 Kd4 45. Rg7 Kxc4 46. Rxg5 Kd4 47. Kxf4 Ne4 48. Rg7 Kxd5 49. Rxb7 Nc5 50. Rb6 Ke6 51. h4 Kd7 52. h5 Ne6+ 53. Kf5 Ng7+ 54. Kg6 Ne6 55. h6 Nf4+ 56. Kf5 Nd5 57. h7 Ne7+ 58. Kf6 Nd5+ 59. Kg7 Nf4 60. h8=Q Ne6+ 61. Kh6 Nc5 62. Qh7+ Ke6 63. Qa7 Ke5 64. Rxa6 Ne6 65. Rxd6 Kxd6 66. Qb8+ Kd5 67. Qb6 Nd4 68. Qxd4+ Kxd4 69. a6 1-0


[Site "https://www.chess.com"]

[Event "Titled Tuesday Blitz June 13 Late 2023"]
[White "Petersson, Kjell"]
[Black "whiteglovethief"]
[WhiteFideId "1705148"]
[WhiteElo "2005"]
[BlackElo "2498"]
[Result "1-0"]
[Round "5"]
[TimeControl "180+2"]
[Date "2023.06.13"]
[WhiteClock "0:00:50"]
[BlackClock "0:00:59"]
[Board "115"]

1. d4 Nf6 2. Bf4 g6 3. Nc3 Bg7 4. e4 d6 5. Qd2 Nc6 6. O-O-O O-O 7. f3 e5 8. dxe5 Nxe5 9. Bxe5 Be6 10. Bd4 c5 11. Bxf6 Bxf6 12. h4 Bg7 13. h5 Qa5 14. a3 a6 15. Kb1 b5 16. Nd5 b4 17. hxg6 fxg6 18. Nh3 Rab8 19. axb4 cxb4 20. Ng5 Rfe8 21. Rxh7 Bxb2 22. Kxb2 Qa3+ 23. Kb1 b3 24. Nf6+ 1-0


[Site "https://www.chess.com"]

[Event "Titled Tuesday Blitz June 13 Late 2023"]
[White "DampFalcon"]
[Black "Manukyan, Sargis A."]
[BlackFideId "13303970"]
[WhiteElo "2083"]
[BlackElo "2187"]
[Result "1/2-1/2"]
[Round "5"]
[TimeControl "180+2"]
[Date "2023.06.13"]
[WhiteClock "0:00:06"]
[BlackClock "0:00:09"]
[Board "116"]

1. e4 c5 2. Nf3 d6 3. d4 cxd4 4. Qxd4 Nc6 5. Bb5 Bd7 6. Qd3 Nf6 7. c4 g6 8. Nc3 Bg7 9. O-O O-O 10. h3 a6 11. Bxc6 Bxc6 12. Nd4 Qc7 13. Be3 Rfc8 14. Rac1 Nd7 15. b3 Qa5 16. Bd2 Qe5 17. Nf3 Qh5 18. Nd5 Bxd5 19. cxd5 Ne5 20. Nxe5 Qxe5 21. Rc2 Qd4 22. Qxd4 Bxd4 23. Rfc1 Rxc2 24. Rxc2 Bb6 25. Rc4 Kf8 26. Bh6+ Ke8 27. Rb4 Bc7 28. Rxb7 Kd8 29. Be3 a5 30. a4 Kc8 31. Rb5 Ra6 32. Kf1 f5 33. f3 Kd7 34. Ke2 fxe4 35. fxe4 Ra8 36. Kd3 Rf8 37. Rb7 Kc8 38. Ra7 Kb8 39. Ra6 Kb7 40. Rc6 Rf1 41. Bg5 e5 42. Be7 Rd1+ 43. Ke2 Rg1 44. Bxd6 Bb6 45. Bxe5 Rxg2+ 46. Kd3 h5 47. Re6 g5 48. Re7+ Kc8 49. Kc4 g4 50. hxg4 Rxg4 51. Bd6 Bd8 52. Re6 h4 53. Kd4 Bb6+ 54. Ke5 Bd8 55. Rh6 Rg5+ 56. Ke6 Rg7 57. e5 Rb7 58. Rh8 Rg7 59. Bc5 Rg6+ 60. Kf7 Rg5 61. e6 Rf5+ 62. Kg6 Rg5+ 63. Kh6 Rxd5 64. e7 Kc7 65. exd8=Q+ Rxd8 66. Rxd8 Kxd8 67. Bd6 h3 68. Kg5 Kd7 69. Bf4 Kc6 70. Kg4 Kc5 71. Kxh3 Kb4 72. Bd2+ Kxb3 73. Bxa5 Kxa4 1/2-1/2


[Site "https://www.chess.com"]

[Event "Titled Tuesday Blitz June 13 Late 2023"]
[White "Bartel, Michal"]
[Black "Yang, Kevin"]
[WhiteFideId "1119257"]
[BlackFideId "30908485"]
[WhiteElo "2282"]
[BlackElo "2055"]
[Result "1-0"]
[Round "5"]
[TimeControl "180+2"]
[Date "2023.06.13"]
[WhiteClock "0:00:16"]
[BlackClock "0:00:00"]
[Board "117"]

1. e4 e6 2. Nc3 a6 3. g3 b5 4. Bg2 Bb7 5. a3 c5 6. Nge2 Ne7 7. O-O g6 8. d4 c4 9. Bg5 Bg7 10. d5 h6 11. Be3 exd5 12. exd5 d6 13. Bd4 O-O 14. Bxg7 Kxg7 15. Qd4+ Kh7 16. g4 Nd7 17. Nf4 Ne5 18. h3 Ng8 19. Ne4 Nf6 20. Ng3 Nfd7 21. Rfe1 Qh4 22. Rad1 Rfe8 23. Ne4 Qe7 24. Re3 Nf6 25. Ng3 Qc7 26. Rde1 Re7 27. Qd2 Rae8 28. Kh1 Ng8 29. Ne4 Nd7 30. Qd4 Ba8 31. h4 Re5 32. g5 h5 33. Bh3 Nc5 34. f3 Nxe4 35. Rxe4 Bb7 36. Rxe5 Rxe5 37. Re4 Qe7 38. Bg2 Bc8 39. Qe3 Bf5 40. Rxe5 dxe5 41. Ne2 Qd6 42. Nc3 Ne7 43. Qa7 Bc8 44. f4 1-0


[Site "https://www.chess.com"]

[Event "Titled Tuesday Blitz June 13 Late 2023"]
[White "Gasparyan, David"]
[Black "Kim, Sergey"]
[WhiteFideId "13311980"]
[BlackFideId "13700570"]
[WhiteElo "2432"]
[BlackElo "2540"]
[Result "0-1"]
[Round "5"]
[TimeControl "180+2"]
[Date "2023.06.13"]
[WhiteClock "0:00:00"]
[BlackClock "0:00:26"]
[Board "118"]

1. Nf3 Nf6 2. g3 g6 3. Bg2 Bg7 4. O-O O-O 5. d4 d6 6. Nc3 c6 7. e4 Qc7 8. a4 a5 9. h3 e5 10. Be3 Na6 11. Re1 Nb4 12. Nd2 Be6 13. Rc1 Rfe8 14. Qe2 Rad8 15. Qf1 b6 16. f4 Bc8 17. Qf2 Nd7 18. Rf1 exd4 19. Bxd4 Bxd4 20. Qxd4 Nc5 21. Nc4 Ba6 22. b3 d5 23. exd5 cxd5 24. Ne5 Ne6 25. Qf2 Bxf1 26. Bxf1 Qxc3 27. Bb5 Rf8 28. Kh2 Nd4 29. Rd1 Nxb5 30. axb5 Qxc2 31. Rd2 Qxb3 32. Qxb6 d4 33. Qf6 Qe6 34. Qh4 d3 35. Ng4 f5 0-1


[Site "https://www.chess.com"]

[Event "Titled Tuesday Blitz June 13 Late 2023"]
[White "Martins, Vinicius Tine"]
[Black "Carrasco Miranda, Andres"]
[WhiteFideId "2112884"]
[BlackFideId "3405990"]
[WhiteElo "2373"]
[BlackElo "2183"]
[Result "1-0"]
[Round "5"]
[TimeControl "180+2"]
[Date "2023.06.13"]
[WhiteClock "0:00:24"]
[BlackClock "0:00:00"]
[Board "119"]

1. e4 e5 2. Nf3 Nc6 3. Bb5 Nf6 4. d3 Bc5 5. Bxc6 dxc6 6. O-O Bd6 7. Nbd2 Be6 8. b3 Nd7 9. Bb2 O-O 10. h3 f6 11. Nc4 Nc5 12. a4 Qd7 13. Nh2 a5 14. Nxd6 cxd6 15. f4 Rad8 16. f5 Bf7 17. Qf3 d5 18. Ba3 b6 19. Bxc5 bxc5 20. Ng4 Kh8 21. Ne3 Qb7 22. g4 dxe4 23. Qxe4 Rd4 24. Qg2 Bd5 25. Qg3 Qb4 26. Qe1 Rf4 27. Qxb4 cxb4 28. Rae1 Rxf1+ 29. Nxf1 h5 30. Kf2 Kh7 31. Kg3 Rd8 32. Nd2 g5 33. Ne4 Bxe4 34. Rxe4 Rd5 35. Rc4 c5 36. Kf3 hxg4+ 37. hxg4 Kg7 38. Ke4 Rd4+ 39. Rxd4 cxd4 40. Kd5 Kf7 41. Kd6 Kf8 42. Ke6 1-0


[Site "https://www.chess.com"]

[Event "Titled Tuesday Blitz June 13 Late 2023"]
[White "angelgab3"]
[Black "Zenin, Dmitry"]
[BlackFideId "4127897"]
[WhiteElo "2516"]
[BlackElo "2215"]
[Result "1-0"]
[Round "5"]
[TimeControl "180+2"]
[Date "2023.06.13"]
[WhiteClock "0:01:52"]
[BlackClock "0:01:04"]
[Board "120"]

1. e4 e5 2. Nf3 Nc6 3. Bb5 a6 4. Ba4 Nf6 5. O-O Be7 6. Re1 b5 7. Bb3 d6 8. c3 O-O 9. h3 Na5 10. Bc2 c5 11. d4 Bb7 12. Nbd2 cxd4 13. cxd4 exd4 14. Nxd4 Re8 15. Nf1 Bf8 16. Ng3 g6 17. b3 Rc8 18. Bb2 Nc6 19. Rc1 Bh6 20. Rb1 Nxd4 21. Bxd4 Bg7 22. a4 b4 23. Bd3 Nd7 24. Bc4 Ne5 25. Bf1 Nc6 26. Bxg7 Kxg7 27. Qd2 Qf6 28. Rbd1 Red8 29. Bc4 a5 30. Bd5 Rc7 31. Bxc6 Rxc6 32. e5 Qe6 33. exd6 Qxd6 34. Qb2+ 1-0


[Site "https://www.chess.com"]

[Event "Titled Tuesday Blitz June 13 Late 2023"]
[White "Ansh M Shah"]
[Black "Yeritsyan, Hayk"]
[WhiteFideId "25033379"]
[BlackFideId "13307320"]
[WhiteElo "2084"]
[BlackElo "2501"]
[Result "1/2-1/2"]
[Round "5"]
[TimeControl "180+2"]
[Date "2023.06.13"]
[WhiteClock "0:00:05"]
[BlackClock "0:00:05"]
[Board "121"]

1. d4 d5 2. c4 e6 3. g3 Nf6 4. Bg2 c6 5. Nf3 Nbd7 6. O-O Be7 7. Nbd2 O-O 8. Qc2 b6 9. e4 dxe4 10. Nxe4 Bb7 11. Ne5 Nxe5 12. dxe5 Nxe4 13. Bxe4 g6 14. Bh6 Re8 15. Rfd1 Qc7 16. Qc3 c5 17. Bxb7 Qxb7 18. Rd3 Rad8 19. Rad1 Qc7 20. Rd6 f5 21. h4 Bxd6 22. exd6 Qf7 23. Qe5 Rd7 24. a3 Red8 25. b4 Rc8 26. Rc1 Rc6 27. Bf4 Rcxd6 28. Qxd6 Rxd6 29. Bxd6 Qd7 30. bxc5 bxc5 31. Bxc5 Qd2 32. Be3 Qd7 33. c5 Qc6 34. Rd1 e5 35. Rd6 Qa4 36. c6 Qc2 37. Bxa7 Kf7 38. Bb6 Qb1+ 39. Kh2 Qxb6 40. Rd7+ Ke6 41. Rxh7 Qxf2+ 42. Kh3 Qf1+ 43. Kh2 Qe2+ 44. Kh3 Qg4+ 45. Kh2 Qc4 46. c7 f4 47. Rg7 Kf6 48. Rd7 Kf5 49. gxf4 exf4 50. Rf7+ Kg4 51. Kg1 Qc1+ 52. Kf2 Qc2+ 53. Ke1 Qc1+ 54. Kf2 Qb2+ 55. Ke1 Qb1+ 56. Kf2 Qa2+ 57. Ke1 Qxf7 58. c8=Q+ Kg3 59. Qc3+ f3 60. Qe5+ Kg2 61. Qg5+ Kh2 62. Qe5+ Kh3 63. Kf2 Qa2+ 64. Kxf3 Qxa3+ 65. Kf4 Qa4+ 66. Kg5 Qg4+ 67. Kf6 Kxh4 68. Qh2+ Qh3 69. Qf4+ Qg4 70. Qh2+ Qh3 71. Qf4+ Qg4 72. Qxg4+ Kxg4 73. Kxg6 1/2-1/2


[Site "https://www.chess.com"]

[Event "Titled Tuesday Blitz June 13 Late 2023"]
[White "Ronka, Erik"]
[Black "Melikhov, Evgeny V."]
[WhiteFideId "505080"]
[BlackFideId "4122046"]
[WhiteElo "2264"]
[BlackElo "2158"]
[Result "1-0"]
[Round "5"]
[TimeControl "180+2"]
[Date "2023.06.13"]
[WhiteClock "0:00:08"]
[BlackClock "0:00:07"]
[Board "122"]

1. e4 e5 2. Nf3 Nc6 3. Bb5 a6 4. Ba4 Nf6 5. O-O Nxe4 6. d4 b5 7. Bb3 d5 8. dxe5 Be6 9. Nbd2 Bc5 10. c3 O-O 11. Bc2 Nxf2 12. Rxf2 f6 13. Nf1 Bxf2+ 14. Kxf2 fxe5 15. Kg1 e4 16. Nd4 Nxd4 17. Qxd4 Qh4 18. Be3 Rf6 19. Qe5 c6 20. Qg3 Qxg3 21. Nxg3 g6 22. a4 Raf8 23. Ne2 Bd7 24. Bc5 R8f7 25. axb5 axb5 26. Ra8+ Kg7 27. Bd4 Kh6 28. Bxf6 Rxf6 29. Ra7 Rd6 30. b4 Kg5 31. Kf2 Kf6 32. Ke3 Ke5 33. Nd4 h5 34. Nb3 Bf5 35. Nc5 Rd8 36. Re7+ Kf6 37. Rc7 Rd6 38. Bd1 Kg5 39. Be2 Rf6 40. Nb3 h4 41. Nd4 Bg4 42. Bxg4 Kxg4 43. Rxc6 Rf1 44. Rxg6+ Kh5 45. Rg8 Rc1 46. Ne2 Rd1 47. g4+ hxg3 48. hxg3 Rd3+ 49. Kf4 Rf3+ 50. Ke5 Rf2 51. Nf4+ Kh6 52. Kd4 Rf3 53. Nxd5 Rd3+ 54. Kxe4 Rd1 55. Rb8 Kg5 56. Rxb5 Kg6 57. Nf4+ Kf7 58. c4 Ke7 59. c5 Kd7 60. Rb6 Kc7 61. Rd6 Re1+ 62. Kf5 Rg1 63. g4 Rf1 64. g5 Rg1 65. g6 Rg3 66. Kf6 Rg4 67. Rd4 Kc6 68. g7 Kb5 69. Kf7 1-0


[Site "https://www.chess.com"]

[Event "Titled Tuesday Blitz June 13 Late 2023"]
[White "Krishnakumar, Sriram"]
[Black "Slavin, Alexey"]
[WhiteFideId "30915856"]
[BlackFideId "24104388"]
[WhiteElo "2477"]
[BlackElo "2264"]
[Result "0-1"]
[Round "5"]
[TimeControl "180+2"]
[Date "2023.06.13"]
[WhiteClock "0:00:37"]
[BlackClock "0:00:48"]
[Board "123"]

1. e4 Nc6 2. d4 d6 3. Nc3 Nf6 4. Nf3 Bg4 5. Be2 e5 6. dxe5 dxe5 7. O-O Bb4 8. Nd5 Nxe4 9. Nxb4 Nxb4 10. c3 Qxd1 11. Bxd1 Nd3 12. Bc2 Nxc1 13. Raxc1 Bxf3 14. gxf3 Nd2 15. Kg2 Nxf1 16. Rxf1 O-O 17. Re1 Rfe8 18. Re2 Rad8 19. b4 Kf8 20. a4 f6 21. a5 Rd6 22. Bxh7 Red8 23. Bc2 Rd2 24. Kf1 Rxe2 25. Kxe2 Ke7 26. h3 Ke6 27. Bb3+ Kf5 28. Ba4 Kg5 29. Bb3 Rd6 30. b5 f5 31. Bc2 g6 32. c4 Kf4 33. Bb3 Rd4 34. Ba2 b6 35. axb6 axb6 36. Bb3 Kg5 37. Ke3 Kh4 38. c5 bxc5 39. Bf7 Rd6 40. f4 e4 41. f3 exf3 42. Kxf3 Kxh3 43. Bc4 Kh4 44. Bf7 g5 45. fxg5 Kxg5 46. Bc4 Rd4 47. Be2 c4 48. Ke3 Re4+ 49. Kd2 Rxe2+ 50. Kxe2 f4 51. Kf2 c3 52. Kf3 c2 53. Ke4 c1=Q 0-1


[Site "https://www.chess.com"]

[Event "Titled Tuesday Blitz June 13 Late 2023"]
[White "Burdalev, Kirill"]
[Black "Baches Garcia, Guillermo"]
[WhiteFideId "14121913"]
[BlackFideId "2209764"]
[WhiteElo "2236"]
[BlackElo "2475"]
[Result "0-1"]
[Round "5"]
[TimeControl "180+2"]
[Date "2023.06.13"]
[WhiteClock "0:00:01"]
[BlackClock "0:00:15"]
[Board "124"]

1. d4 Nf6 2. c4 e6 3. Nf3 d5 4. Nc3 c5 5. cxd5 Nxd5 6. e4 Nxc3 7. bxc3 cxd4 8. cxd4 Bb4+ 9. Bd2 Bxd2+ 10. Qxd2 O-O 11. Bc4 Nd7 12. O-O b6 13. Rfe1 Bb7 14. Re3 Rc8 15. Bb3 Nf6 16. Qe1 Re8 17. Rd1 Ng4 18. Re2 Ba6 19. Red2 Bc4 20. h3 Bxb3 21. axb3 Nf6 22. d5 exd5 23. e5 Qc7 24. Qe3 Ne4 25. Rd3 Nc3 26. R1d2 b5 27. b4 a5 28. bxa5 b4 29. a6 Ra8 30. Rb2 Qa5 31. Kh2 Rxa6 32. Rd4 Rb6 33. Rg4 Ne4 34. Qf4 Rg6 35. Rh4 Qc5 36. Kg1 Qc3 37. Ra2 b3 38. Ra7 Rf8 39. Rh5 b2 40. Rf5 Qc1+ 41. Kh2 Qxf4+ 42. Rxf4 b1=Q 0-1


[Site "https://www.chess.com"]

[Event "Titled Tuesday Blitz June 13 Late 2023"]
[White "Ladan, Nicholas"]
[Black "Florianovitz, Derlei Alex"]
[WhiteFideId "30918855"]
[BlackFideId "2114178"]
[WhiteElo "2167"]
[BlackElo "1953"]
[Result "1-0"]
[Round "5"]
[TimeControl "180+2"]
[Date "2023.06.13"]
[WhiteClock "0:00:45"]
[BlackClock "0:00:49"]
[Board "125"]

1. b4 e5 2. Bb2 d6 3. e3 Nf6 4. c4 g6 5. Nf3 Bg7 6. d4 e4 7. Nfd2 c6 8. Nc3 d5 9. a4 O-O 10. b5 Bg4 11. Be2 Bxe2 12. Qxe2 Nbd7 13. O-O Ne8 14. Ba3 dxc4 15. Bxf8 Kxf8 16. Ndxe4 cxb5 17. axb5 Nb6 18. Nc5 Nd6 19. Rfc1 Qe8 20. N5a4 Nxa4 21. Rxa4 a6 22. bxa6 Rxa6 23. Rxa6 bxa6 24. Qa2 Qc6 25. Qa4 Nb5 26. Na2 Nxd4 27. Qa3+ Kg8 28. exd4 Bxd4 29. Qb4 Qf6 30. Qxc4 Qxf2+ 31. Kh1 Kg7 32. Rf1 Qh4 33. Qxf7+ Kh6 34. Qf4+ 1-0


[Site "https://www.chess.com"]

[Event "Titled Tuesday Blitz June 13 Late 2023"]
[White "Seletsky, Grigory"]
[Black "Aung Thant Zin"]
[WhiteFideId "14112191"]
[BlackFideId "13000063"]
[WhiteElo "2491"]
[BlackElo "2278"]
[Result "1-0"]
[Round "5"]
[TimeControl "180+2"]
[Date "2023.06.13"]
[WhiteClock "0:00:15"]
[BlackClock "0:00:00"]
[Board "126"]

1. e4 c5 2. Nf3 Nc6 3. d4 cxd4 4. Nxd4 Nf6 5. Nc3 d6 6. f3 e5 7. Nb3 Be7 8. Be3 a5 9. a4 Be6 10. Qd2 O-O 11. Nd5 Bxd5 12. exd5 Nb4 13. c4 b6 14. Be2 Nd7 15. O-O f5 16. Kh1 Nc5 17. Nxc5 bxc5 18. b3 Rb8 19. Rae1 Na6 20. Bd1 Qb6 21. f4 e4 22. Rg1 Bf6 23. g4 fxg4 24. Rxg4 Qb4 25. Qf2 Rbe8 26. Reg1 Rf7 27. R4g2 Rfe7 28. f5 Qc3 29. Rg3 Qb2 30. Qf1 Nb4 31. Rh3 Nd3 32. Bh5 Rf8 33. Rg2 Qa1 34. Qxa1 Bxa1 35. Bg5 Bf6 36. Be3 Bd4 37. Bg4 Bxe3 38. Rxe3 Rb8 39. Bd1 Rf8 40. Bc2 Nf4 41. Rf2 Rxf5 42. Rxe4 Rxe4 43. Bxe4 Rf6 44. Rf3 Kf8 45. h4 h6 46. Kh2 g5 47. hxg5 hxg5 48. Kg3 Kg7 49. Kg4 Kh6 50. Bf5 Ng6 51. Re3 Nh4 52. Re6 Kg7 53. Be4 Rxe6 54. dxe6 Kf6 55. e7 Kxe7 56. Kxg5 1-0


[Site "https://www.chess.com"]

[Event "Titled Tuesday Blitz June 13 Late 2023"]
[White "Kielinkei"]
[Black "Sala, Giulia"]
[BlackFideId "2840451"]
[WhiteElo "2455"]
[BlackElo "1769"]
[Result "1/2-1/2"]
[Round "5"]
[TimeControl "180+2"]
[Date "2023.06.13"]
[WhiteClock "0:00:02"]
[BlackClock "0:00:23"]
[Board "127"]

1. c4 e6 2. Nc3 d5 3. e3 Nf6 4. g4 h6 5. h3 Be7 6. Nf3 b6 7. Be2 Bb7 8. O-O Nbd7 9. cxd5 Nxd5 10. Nxd5 Bxd5 11. b3 Bf6 12. d4 O-O 13. Bb2 c5 14. Qd2 Rc8 15. Rac1 cxd4 16. Bxd4 Bxf3 17. Bxf3 Ne5 18. Bg2 Ng6 19. Rxc8 Qxc8 20. Bxf6 gxf6 21. Rc1 Qb8 22. Qd7 Nh4 23. Qc7 Nxg2 24. Kxg2 Qa8+ 25. Qc6 Qd8 26. Kg1 Qd2 27. Rc2 Qd1+ 28. Kg2 h5 29. gxh5 Kh7 30. Rc4 f5 31. Rc1 Rg8+ 32. Kh2 Qe2 33. Qc2 Qxh5 34. Qd1 Qh4 35. Qf3 Rd8 36. Rc7 Rd2 37. Kg2 Rxa2 38. Rxf7+ Kg6 39. Rf8 Kg7 40. Re8 Qg5+ 41. Kh2 Kf7 42. Rc8 Kf6 43. Rf8+ Ke7 44. Rc8 Kf6 45. Rc7 Ra1 46. Qg3 Qxg3+ 47. Kxg3 Rb1 48. Rxa7 Rxb3 49. h4 b5 50. Kf3 b4 51. Rb7 Rb1 52. Kf4 e5+ 53. Kf3 b3 54. h5 Kg5 55. Rb5 e4+ 56. Kg2 b2 57. Kh2 Kxh5 58. Rxf5+ Kg4 59. Rb5 Kf3 60. Kh3 Kxf2 61. Kg4 Kxe3 62. Kg3 Rg1+ 63. Kh2 b1=Q 64. Rg5 Qc2+ 65. Kxg1 Qd1+ 66. Kh2 Qe2+ 67. Kh3 Qf3+ 68. Kh2 Qf4+ 69. Rg3+ Qxg3+ 70. Kh1 Kd2 1/2-1/2


[Site "https://www.chess.com"]